 Dungeon Crawl Stone Soup version 0.29.1-12-g30fa7ad0bf (webtiles) character file.

Game seed: 312365880492571831

8992 LustLizard the Cleaver (level 11, -2/100 HPs)
             Began as a Minotaur Monk on Jan 6, 2023.
             Was an Elder of Cheibriados.
             Slain by a rakshasa
             ... wielding a +0 trident
              (10 damage)
             ... on level 9 of the Dungeon.
             The game lasted 00:22:47 (10293 turns).

LustLizard the Cleaver (Minotaur Monk)             Turns: 10293, Time: 00:22:47

Health: -2/100     AC: 19    Str: 34    XL:     11   Next: 17%
Magic:  0/17       EV: 11    Int: 23    God:    Cheibriados [****..]
Gold:   566        SH:  0    Dex: 23    Spells: 20/20 levels left

rFire   x . .      SeeInvis .   h - +2 hand axe (freeze)
rCold   . . .      Faith    .   (no shield)
rNeg    + . .      Spirit   +   g - +7 chain mail "Fafaunojeff" {rElec rF- rN+ Int+4}
rPois   +          Reflect  .   (helmet restricted)
rElec   +          Harm     .   k - +0 cloak
rCorr   .          Rampage  .   i - +0 pair of gloves
Will    .....                   r - +1 pair of boots
Stlth   ..........              t - amulet of guardian spirit
HPRegen 0.26/turn               v - ring of poison resistance
MPRegen 0.15/turn               y - +6 ring of strength

@: slowed, very slow
A: horns 2, retaliatory headbutt
a: Renounce Religion, Bend Time, Temporal Distortion, Slouch


You were on level 9 of the Dungeon.
You worshipped Cheibriados.
Cheibriados was greatly pleased with you.
You visited 2 branches of the dungeon, and saw 10 of its levels.
You visited the Abyss 1 time.

You collected 566 gold pieces.

Inventory:

Hand Weapons
 h - a +2 hand axe of freezing (weapon)
Missiles
 d - 37 stones
 l - 28 poisoned darts (quivered)
 I - 4 curare-tipped darts
Armour
 g - the +7 chain mail "Fafaunojeff" (worn) {rElec rF- rN+ Int+4}
   (You found it on level 6 of the Dungeon)

   Int:       It affects your intelligence (+4).
   rF:        It makes you vulnerable to fire.
   rElec:     It insulates you from electricity.
   rN:        It protects you from negative energy.
 i - a +0 pair of gloves (worn)
 k - a +0 cloak (worn)
 r - a +1 pair of boots (worn)
 w - a +2 scale mail of fire resistance
Jewellery
 t - an amulet of guardian spirit (around neck)
 v - a ring of poison resistance (left hand)
 y - a +6 ring of strength (right hand)
 B - a ring of wizardry
 J - a ring of flight
 L - a ring of fire
Wands
 E - a wand of acid (4)
 G - a wand of digging (7)
 H - a wand of flame (16)
 M - a wand of polymorph (9)
Scrolls
 a - a scroll of immolation {unknown}
 e - 3 scrolls of enchant weapon
 f - 3 scrolls of identify
 m - a scroll of vulnerability {unknown}
 n - a scroll of brand weapon {unknown}
 q - 2 scrolls of enchant armour {unknown}
 s - 2 scrolls of noise
 x - 3 scrolls of amnesia {unknown}
 D - 2 scrolls of blinking {unknown}
Potions
 o - a potion of brilliance
 z - a potion of resistance
 A - a potion of lignification
 C - a potion of flight
 F - a potion of mutation
 K - a potion of cancellation {unknown}


   Skills:
 + Level 10.2 Fighting
 * Level 13.7 Axes
 + Level 7.7 Throwing
 - Level 3.2 Dodging
 - Level 1.5 Stealth
 + Level 5.1 Spellcasting


You had 20 spell levels left.
You didn't know any spells.
Your spell library contained the following spells:

 Spells                   Type           Power      Damage    Failure   Level
 Apportation              Tloc           10%        N/A       41%         1
 Sublimation of Blood     Necr           5%         N/A       56%         2
 Gell's Gravitas          Tloc           5%         N/A       80%         3
 Lesser Beckoning         Tloc           5%         N/A       80%         3
 Stone Arrow              Conj/Erth      10%        3d7       80%         3
 Teleport Other           Tloc           5%         N/A       80%         3
 Animate Armour           Summ/Erth      10%        N/A       99%         4
 Hailstorm                Conj/Ice       5%         3d4       99%         4
 Ice Form                 Ice/Tmut       5%         N/A       99%         4
 Petrify                  Tmut/Erth      5%         N/A       99%         4
 Alistair's Intoxication  Tmut/Pois      3%         N/A       100%        5
 Irradiate                Conj/Tmut      2%         3d12      100%        5
 Dispersal                Tloc           2%         N/A       100%        6
 Simulacrum               Ice/Necr       2%         N/A       100%        6
 Lehudib's Crystal Spear  Conj/Erth      2%         10d2      100%        8


Dungeon Overview and Level Annotations

Branches:
Dungeon (9/15)             Temple (1/1) D:6            Lair (0/5) D:8
    Orc (0/2) D:9

Altars:
Ashenzari
Cheibriados
Elyvilon
Fedhas
Gozag
Vehumet
Wu Jian
Xom
Yredelemnul
The Shining One

Annotations:
D:3 1 runed translucent door, Crazy Yiuf


Innate Abilities, Weirdness & Mutations

You have a pair of horns on your head.
You reflexively headbutt those who attack you in melee.


Message History

You headbutt the wraith!
The rakshasa hits you but does no damage.
You hit the wraith but do no damage. Your headbutt misses the wraith.
The wraith is severely damaged.
The wraith hits you! The wraith drains your vigour!
You feel yourself slow down.
You hit the wraith. You freeze the wraith.
You headbutt the wraith, but do no damage.
The wraith is almost destroyed.
The rakshasa hits you from afar with a +0 trident!
* * * LOW HITPOINT WARNING * * *
The wraith hits you.
* * * LOW HITPOINT WARNING * * *
The wraith drains your vigour!
You feel as though you will be slow longer.
You hit the wraith. You freeze the wraith.
You destroy the wraith!
Cheibriados appreciates the change of pace.
The rakshasa hits you from afar with a +0 trident!
* * * LOW HITPOINT WARNING * * *
You completely miss the cyclops.
The rakshasa weaves an illusion.
The cyclops shimmers and seems to become two!
The cyclops hits you.
* * * LOW HITPOINT WARNING * * *
You hit the cyclops but do no damage. Your headbutt misses the cyclops.
The rakshasa weaves an illusion.
The wyvern shimmers and seems to become two!
You slash the cyclops! You freeze the cyclops.
The cyclops is moderately wounded.
You hit the cyclops. You freeze the cyclops.
The rakshasa hits you but does no damage.
The cyclops hits you!
* * * LOW HITPOINT WARNING * * *
The cyclops hits you but does no damage.
You hit the cyclops. You freeze the cyclops.
The cyclops is severely wounded.
You barely miss the cyclops.
The rakshasa hits you from afar with a +0 trident!
You die...

.. .. )###♣ '#..
##$#.# #l.#R#
#Rl#.# ##C##)#
###@C...#
##<#.♣♣♣.# ##..#..
..# ###...#######
##...#.# ♣.♣ .
#..###.#♣♣.♣♣♣♣z≈≈≈
#.###...).♣....≈≈≈≈
#..#>..#♣♣.♣♣♣♣.≈≈≈
##.z...# ♣.♣ .


You could see a rakshasa, 2 cyclopes and 2 wyverns.

Vanquished Creatures
  2 two-headed ogres
  A centaur warrior (D:9)
  Pikel (D:8)
  A will-o-the-wisp (Abyss:1)
  Maggie (D:7)
  2 trolls (D:9)
  3 raiju (Abyss:1)
  A slime creature (D:9)
  A yak (D:9)
  2 wraiths (D:9)
  A wyvern (D:9)
  An unseen horror simulacrum (D:9)
  2 steam dragons (D:6)
  Edmund (D:5)
  2 orc warriors
  Duvessa (D:7)
  5 sky beasts
  An ice beast (D:5)
  4 black bears
  2 ogres
  3 kobold brigands (D:7)
  2 lemures (D:8)
  A phantom (D:6)
  3 bullfrogs
  A necrophage (D:6)
  A gnoll sergeant (D:7)
  A scorpion (D:4)
  A water moccasin zombie (D:6)
  Dowan (D:7)
  4 killer bees
  6 howler monkeys
  3 electric eels (D:8)
  A lava snake (D:7)
  A centaur zombie (D:6)
  6 hounds
  4 jellies
  An orc priest (D:8)
  3 iguanas
  5 gnoll boudas
  3 orc wizards
  Robin (D:3)
  23 gnolls
  5 adders
  3 shadow imps
  3 white imps
  2 ufetubi (D:5)
  2 worms (D:2)
  3 dart slugs
  28 orcs
  10 endoplasms
  5 giant cockroaches
  15 goblins
  5 hobgoblins
  6 jackals
  4 quokkas
  10 ball pythons
  5 bats
  A frilled lizard (D:1)
  7 kobolds
  3 rats
227 creatures vanquished.

Vanquished Creatures (others)
  A vampire (D:9)
  4 fungi (D:3)
  8 plants (D:9)
13 creatures vanquished.

Grand Total: 240 creatures vanquished

Notes
Turn   | Place    | Note
-------+----------+-------------------------------------------
     0 | D:1      | LustLizard the Minotaur Monk began the quest for the Orb.
     0 | D:1      | Reached XP level 1. HP: 19/19 MP: 0/0
   266 | D:1      | Reached skill level 4 in Axes
   414 | D:1      | Reached XP level 2. HP: 24/27 MP: 1/1
  1132 | D:2      | Reached XP level 3. HP: 33/33 MP: 2/2
  1361 | D:2      | Found a faded altar of an unknown god.
  1784 | D:2      | Reached skill level 1 in Throwing
  1936 | D:3      | Reached skill level 5 in Axes
  2001 | D:3      | Noticed Robin
  2007 | D:3      | Reached XP level 4. HP: 38/41 MP: 3/3
  2014 | D:3      | Killed Robin
  2359 | D:3      | Reached XP level 5. HP: 34/47 MP: 4/4
  2724 | D:3      | Found a glowing golden altar of the Shining One.
  2832 | D:3      | Found a runed translucent door.
  2833 | D:3      | Noticed Crazy Yiuf
  2866 | D:4      | Noticed a black bear
  3242 | D:4      | Noticed a black bear
  3257 | D:4      | Killed a black bear
  3258 | D:4      | Reached skill level 5 in Fighting
  3258 | D:4      | Reached skill level 6 in Axes
  3351 | D:4      | Reached XP level 6. HP: 42/56 MP: 4/6
  3466 | D:4      | Reached skill level 1 in Spellcasting
  3673 | D:4      | Found an ornate altar of the Wu Jian Council.
  3972 | D:4      | Reached skill level 7 in Axes
  4110 | D:4      | Reached XP level 7. HP: 37/61 MP: 4/8
  4426 | D:5      | Entered Level 5 of the Dungeon
  4772 | D:5      | Found an opulent altar of Gozag.
  4934 | D:5      | Reached skill level 8 in Axes
  5131 | D:5      | Reached XP level 8. HP: 69/70 MP: 10/10
  5158 | D:5      | Found a blossoming altar of Fedhas.
  5162 | D:5      | Noticed Edmund
  5170 | D:5      | Killed Edmund
  5774 | D:6      | Identified the +7 chain mail "Fafaunojeff" {rElec rF- rN+
                  | Int+4}
  5880 | D:6      | Reached skill level 9 in Axes
  6409 | D:6      | Reached XP level 9. HP: 78/79 MP: 12/12
  6435 | D:6      | Found a staircase to the Ecumenical Temple.
  6450 | Temple   | Entered the Ecumenical Temple
  6463 | Temple   | Became a worshipper of Cheibriados the Contemplative
  6463 | Temple   | Reached * piety under Cheibriados
  6463 | Temple   | Reached ** piety under Cheibriados
  6564 | D:6      | Reached skill level 10 in Axes
  6564 | D:6      | Reached skill level 5 in Throwing
  6573 | D:6      | Found a basalt altar of Yredelemnul.
  6924 | D:7      | Noticed Dowan
  6925 | D:7      | Noticed Duvessa
  6940 | D:7      | Killed Duvessa
  6944 | D:7      | Killed Dowan
  7055 | Abyss:1  | Cast into level 1 of the Abyss (gnoll sergeant)
  7163 | Abyss:1  | Found a corrupted altar of Lugonu.
  7165 | Abyss:1  | Noticed a will-o-the-wisp
  7175 | Abyss:1  | Killed a will-o-the-wisp
  7195 | Abyss:1  | Reached skill level 11 in Axes
  7289 | Abyss:1  | Found a corrupted altar of Lugonu.
  7291 | Abyss:1  | Noticed an orange demon
  7296 | D:7      | Escaped the Abyss
  7760 | D:7      | Noticed Maggie
  7774 | D:7      | Killed Maggie
  7774 | D:7      | Reached *** piety under Cheibriados
  7775 | D:7      | Reached XP level 10. HP: 60/90 MP: 10/15
  8437 | D:7      | Noticed a skeletal warrior
  8761 | D:7      | Reached skill level 12 in Axes
  9136 | D:8      | Found a staircase to the Lair.
  9142 | D:8      | Noticed a two-headed ogre
  9155 | D:8      | Killed a two-headed ogre
  9456 | D:8      | Found a broken altar of Ashenzari.
  9457 | D:8      | Found a shimmering altar of Xom.
  9507 | D:8      | Noticed Pikel
  9529 | D:8      | Killed Pikel
  9971 | D:9      | Identified the +1 robe of the Everdark {rN+}
 10033 | D:9      | Found a staircase to the Orcish Mines.
 10040 | D:9      | Reached skill level 13 in Axes
 10095 | D:9      | Noticed a two-headed ogre
 10103 | D:9      | Killed a two-headed ogre
 10174 | D:9      | Noticed a boulder beetle
 10174 | D:9      | Noticed a skeletal warrior
 10204 | D:9      | HP: 1/93 [centaur/arrow (9)]
 10205 | D:9      | Reached **** piety under Cheibriados
 10208 | D:9      | Noticed a skeletal warrior
 10214 | D:9      | Noticed a centaur warrior
 10225 | D:9      | Killed a centaur warrior
 10226 | D:9      | Reached skill level 10 in Fighting
 10226 | D:9      | Reached skill level 5 in Spellcasting
 10226 | D:9      | Reached XP level 11. HP: 23/99 MP: 2/17
 10271 | D:9      | Noticed a rakshasa
 10293 | D:9      | Slain by a rakshasa

Illustrated notes

Levels and vault maps discovered:
D:1:      minmay_arrival_jagged, layout_basic
D:2:      layout_basic, nicolae_ecumenical_lake_church
D:3:      layout_loops_ring, nicolae_tso_swordbearing_angel,
          uniq_crazy_yiuf_cottage, uniq_robin
D:4:      layout_loops_ring, lemuel_round_altar
D:5:      layout_loops_ring, overflow_temple_1_default,
          nicolae_overflow_crystal_walls, water_maze_lemuel, uniq_edmund
D:6:      cheibrodos_steamvent, layout_basic, lemuel_zombie_altar_yredelemnul,
          minmay_temple_entry_drinking_statues
D:7:      minmay_razor_zed, layout_basic, hangedman_decor_push,
          kennysheep_opposing_triangles, uniq_maggie, uniq_duvessa
D:8:      layout_basic, nicolae_overflow_squiral, lair_entry_dummy, uniq_pikel
D:9:      nzn_winding_woodlands_large [nzn_winding_woodlands_5x5_checkerboard,
          nzn_winding_woodlands_5x15_garden,
          nzn_winding_woodlands_5x5_perimeter,
          nzn_winding_woodlands_center_lodge,
          nzn_winding_woodlands_15x15_thick_spiral,
          nzn_winding_woodlands_center_pierced_h,
          nzn_winding_woodlands_5x5_cross,
          nzn_winding_woodlands_5x15_river_crossing,
          nzn_winding_woodlands_5x5_default], layout_rooms,
          eat_drink_and_be_merry_uskayaw, mainiacjoe_overflow_cross_hatched,
          minmay_between
Temple:   nicolae_temple_god_jail

Skill      XL: |  1  2  3  4  5  6  7  8  9 10 |
---------------+-------------------------------+-----
Axes           | 4 5 6 7 8 9 11 13 | 13.7
Fighting       | 4 5 6 7 8 10 | 10.2
Throwing       | 1 2 3 4 6 7 |  7.7
Spellcasting   | 1 2 3 4 5 |  5.1
Dodging        | |  3.2
Stealth        | |  1.5

Action                   |  1- 3 |  4- 6 |  7- 9 | 10-12 || total
-------------------------+-------+-------+-------+-------++-------
Melee: Hand axe          |   106 |   118 |   244 |   233 ||   701
       Headbutt          |    19 |    20 |    49 |    62 ||   150
       Punch             |     3 |     1 |       |     2 ||     6
Throw: Stone             |     5 |     6 |     8 |     1 ||    20
       Dart              |       |    10 |    14 |     8 ||    32
Invok: Bend Time         |       |       |       |     3 ||     3
  Use: Scroll            |       |       |    10 |     7 ||    17
       Potion            |       |       |       |     9 ||     9
 Stab: Sleeping          |     3 |       |       |       ||     3
       Fleeing           |       |       |     1 |       ||     1
Armor: Robe              |     7 |       |       |       ||     7
       Ring mail         |     7 |       |       |       ||     7
       Chain mail        |    26 |    19 |   106 |   110 ||   261
       Scale mail        |       |    34 |    34 |       ||    68
Dodge: Dodged            |    46 |    55 |   104 |    89 ||   294
